 Dungeon Crawl Stone Soup version 0.29.0-4-gdea44cf6ec (webtiles) character file.

Game seed: 12420422066726044930

191 qw the Chopper (level 5, -1/33 HPs)
             Began as a Gargoyle Fighter on Sept 9, 2022.
             Shot with an arrow by a centaur (7 damage)
             ... on level 3 of the Dungeon.
             The game lasted 00:01:22 (2470 turns).

qw the Chopper (Gargoyle Fighter)                   Turns: 2470, Time: 00:01:22

Health: -1/33      AC: 13    Str: 22    XL:     5   Next: 70%
Magic:  5/5        EV:  7    Int:  8    God:
Gold:   149        SH:  4    Dex:  9    Spells: 4/4 levels left

rFire   . . .      SeeInvis +   Y - +0 war axe
rCold   . . .      Faith    .   c - +0 buckler
rNeg    + . .      Spirit   .   e - +0 chain mail
rPois   inf        Reflect  .   (helmet restricted)
rElec   +          Harm     .   b - scarf {repulsion}
rCorr   .          Rampage  .   (no gloves)
Will    .....                   (no boots)
Stlth   ..........              (no amulet)
HPRegen 0.11/turn               i - ring of see invisible
MPRegen 0.09/turn               (no ring)

@: repel missiles
A: sickness immunity, AC +4, negative energy resistance 1, electricity
resistance, torment resistance 1, petrification resistance, horns 1
a: no special abilities


You were on level 3 of the Dungeon.
You visited 1 branch of the dungeon, and saw 3 of its levels.

You collected 149 gold pieces.


Innate Abilities, Weirdness & Mutations

You are immune to sickness and miasma.
Your stone body is resilient. (AC +4)
You are immune to poison.
You resist negative energy. (rN+)
You are resistant to electric shocks. (rElec)
You are resistant to unholy torment.
You are immune to petrification.
You have a pair of small horns on your head.


   Skills:
 + Level 3.8 Fighting
 - Level 5.0 Axes
 - Level 3.2 Armour
 - Level 3.2 Shields


You had 4 spell levels left.
You didn't know any spells.
Your spell library was empty.

Inventory:

Hand Weapons
 h - a +0 whip
 Y - a +0 war axe (weapon)
Armour
 b - a scarf of repulsion (worn)
 c - a +0 buckler (worn)
 e - a +0 chain mail (worn)
Jewellery
 i - a ring of see invisible (left hand)
Scrolls
 a - a scroll of identify
 j - a scroll of teleportation
Potions
 d - 2 potions of might
 f - a potion of invisibility {unknown}
 g - a potion of magic {unknown}
 l - a potion of haste {unknown}

Dungeon Overview and Level Annotations

Branches:
Dungeon (3/15)

Altars:
Fedhas
Makhleb
Qazlal


Message History

The orc priest shouts!
2449 ||| FLEEEEING.
2450 ||| FLEEEEING.
Enter note:
Enter note:
2455 ||| FLEEEEING.
2456 ||| FLEEEEING.
2460 ||| FLEEEEING.
The orc priest looks braver for a moment.
2461 ||| FLEEEEING.
2462 ||| FLEEEEING.
The orc priest looks encouraged for a moment.
2463 ||| FLEEEEING.
A centaur comes into view.
The centaur shouts!
The centaur wields a +0 shortbow.
The centaur shoots an arrow.
The arrow hits you but does no damage.
2464 ||| Stepping ~*~*~tactically~*~*~ (hiding).
The centaur shoots an arrow.
You block the arrow.
The centaur shoots an arrow.
The arrow completely misses you.
You hit the orc priest.
The orc priest is lightly wounded.
The centaur shoots an arrow.
The arrow barely misses you.
The orc priest hits you with a +0 flail.
The centaur shoots an arrow.
The arrow hits you but does no damage.
You slash the orc priest!
The orc priest is heavily wounded.
The centaur shoots an arrow.
The arrow hits you. You block the orc priest's attack.
You hit the orc priest.
The orc priest is almost dead.
The centaur shoots an arrow.
The arrow hits you!
The orc priest calls down the wrath of Beogh upon you.
You barely resist.
The centaur shoots an arrow.
The arrow barely misses you. The orc priest closely misses you.
You completely miss the orc priest.
The orc priest is almost dead.
The centaur shoots an arrow.
The arrow hits you!
The centaur shoots an arrow.
The arrow hits you!
You die...

....#..###.#.# ##.##
.._...)).o.....#######.####.#
......#...##................#
......#..#####...#####.######
..... #..# #.#.# #.# ##.##
#..# #.#.# ##.######## ...
..## #.#.# #.......... ##
#.## #o#.# #..######## #.
#####@..# #..# #.###.....#.#
#..## ...c..##.###.###...##
........## ##.......#
########.###.##.........
#.#.###.....#### #.## ##...##
#.# ##### #.#


You could see a centaur and an orc priest.

Vanquished Creatures
  2 orc priests (D:3)
  An iguana (D:2)
  4 adders
  A worm (D:2)
  A dart slug (D:1)
  7 orcs (D:3)
  6 bats
  2 endoplasms
  A giant cockroach (D:1)
  4 goblins (D:1)
  3 hobgoblins
  5 kobolds
  4 quokkas
  6 ball pythons
  8 frilled lizards
  7 rats
62 creatures vanquished.

Vanquished Creatures (others)
  A fungus (D:3)
1 creature vanquished.

Grand Total: 63 creatures vanquished

Notes
Turn   | Place    | Note
-------+----------+-------------------------------------------
     0 | D:1      | qw the Gargoyle Fighter began the quest for the Orb.
     0 | D:1      | Reached XP level 1. HP: 14/14 MP: 1/1
     0 | D:1      | 0 ||| qw: Version: 0.1-a-113-g051387a
     0 | D:1      | 0 ||| qw: Game counter: 7324
     0 | D:1      | 0 ||| qw: Always use a shield: true
     0 | D:1      | 0 ||| qw: God list: Okawaru
     0 | D:1      | 0 ||| qw: Allow faded altars: false
     0 | D:1      | 0 ||| qw: Do Orc after D:15 true
     0 | D:1      | 0 ||| qw: Do second Lair branch before Depths: true
     0 | D:1      | 0 ||| qw: Lair rune preference: random
     0 | D:1      | 0 ||| qw: Plans: Normal, Zot, God:TSO, Crypt, Tomb, Zig,
                  | Orb
     0 | D:1      | 0 ||| PLANNING D:1-11
    68 | D:1      | Reached skill level 2 in Axes
    86 | D:1      | 86 ||| Stepping ~*~*~tactically~*~*~ (stealth).
    87 | D:1      | 87 ||| Stepping ~*~*~tactically~*~*~ (stealth).
   165 | D:1      | Reached XP level 2. HP: 19/19 MP: 2/2
   218 | D:1      | 218 ||| DROPPING +0 club.
   484 | D:1      | Reached skill level 3 in Axes
   576 | D:1      | Reached XP level 3. HP: 23/23 MP: 3/3
   637 | D:1      | Found a faded altar of an unknown god.
   826 | D:1      | 826 ||| UPGRADING to +0 chain mail.
   836 | D:1      | 836 ||| DROPPING +0 scale mail.
   837 | D:1      | 837 ||| READING scroll labelled FESKYA KASSIGH.
   938 | D:1      | 938 ||| READING scroll labelled ONTYLAUMOJ.
   942 | D:1      | 942 ||| READING scroll labelled LIADGH SIGUXUE.
   943 | D:1      | 943 ||| READING scroll labelled IKEIPR XEEW.
  1089 | D:2      | 1089 ||| Stepping ~*~*~tactically~*~*~ (stealth).
  1191 | D:2      | Reached skill level 4 in Axes
  1191 | D:2      | Reached XP level 4. HP: 16/28 MP: 4/4
  1253 | D:2      | 1253 ||| Stepping ~*~*~tactically~*~*~ (stealth).
  1270 | D:2      | 1270 ||| Stepping ~*~*~tactically~*~*~ (stealth).
  1271 | D:2      | 1271 ||| Stepping ~*~*~tactically~*~*~ (stealth).
  1272 | D:2      | 1272 ||| Stepping ~*~*~tactically~*~*~ (stealth).
  1277 | D:2      | 1277 ||| FLEEEEING.
  1579 | D:2      | 1579 ||| UPGRADING to scarf of repulsion.
  1584 | D:2      | 1584 ||| READING 2 scrolls labelled OWYULLEUXE.
  1585 | D:2      | 1585 ||| READING scroll labelled JANILY NOURR.
  1645 | D:3      | Found a blossoming altar of Fedhas.
  1744 | D:3      | 1744 ||| Stepping ~*~*~tactically~*~*~ (stealth).
  1745 | D:3      | 1745 ||| Stepping ~*~*~tactically~*~*~ (stealth).
  1746 | D:3      | 1746 ||| Stepping ~*~*~tactically~*~*~ (stealth).
  1747 | D:3      | 1747 ||| Stepping ~*~*~tactically~*~*~ (stealth).
  1770 | D:3      | 1770 ||| Stepping ~*~*~tactically~*~*~ (stealth).
  1776 | D:3      | 1776 ||| Stepping ~*~*~tactically~*~*~ (stealth).
  1781 | D:3      | 1781 ||| FLEEEEING.
  1890 | D:3      | 1890 ||| Stepping ~*~*~tactically~*~*~ (stealth).
  1891 | D:3      | 1891 ||| Stepping ~*~*~tactically~*~*~ (stealth).
  1895 | D:3      | 1895 ||| Stepping ~*~*~tactically~*~*~ (stealth).
  1896 | D:3      | 1896 ||| Stepping ~*~*~tactically~*~*~ (stealth).
  2086 | D:3      | Reached XP level 5. HP: 31/32 MP: 5/5
  2120 | D:3      | Found a burning altar of Makhleb.
  2149 | D:3      | 2149 ||| FLEEEEING.
  2150 | D:3      | 2150 ||| FLEEEEING.
  2151 | D:3      | 2151 ||| FLEEEEING.
  2152 | D:3      | 2152 ||| FLEEEEING.
  2153 | D:3      | 2153 ||| FLEEEEING.
  2154 | D:3      | 2154 ||| FLEEEEING.
  2155 | D:3      | 2155 ||| FLEEEEING.
  2156 | D:3      | 2156 ||| FLEEEEING.
  2162 | D:3      | 2162 ||| STAIRDANCE
  2302 | D:2      | 2302 ||| UPGRADING to ring of see invisible.
  2303 | D:2      | 2303 ||| DRINKING 2 sedimented puce potions.
  2303 | D:2      | Gained mutation: You are agile. (Dex +4, Str/Int -1)
                  | [potion of mutation]
  2303 | D:2      | Gained mutation: You occasionally lose the ability to drink
                  | potions when taking damage. [potion of mutation]
  2304 | D:2      | 2304 ||| DRINKING potion of mutation.
  2304 | D:2      | Lost mutation: You occasionally lose the ability to drink
                  | potions when taking damage. [potion of mutation]
  2304 | D:2      | Lost mutation: You are agile. (Dex +4, Str/Int -1) [potion
                  | of mutation]
  2304 | D:2      | Gained mutation: You are weak. (Str -2) [potion of
                  | mutation]
  2304 | D:2      | Lost mutation: You are weak. (Str -2) [potion of mutation]
  2304 | D:2      | Gained mutation: You have a pair of small horns on your
                  | head. [potion of mutation]
  2376 | D:3      | Found a stormy altar of Qazlal.
  2377 | D:3      | 2377 ||| Stepping ~*~*~tactically~*~*~ (stealth).
  2392 | D:3      | Reached skill level 5 in Axes
  2448 | D:3      | 2448 ||| FLEEEEING.
  2449 | D:3      | 2449 ||| FLEEEEING.
  2450 | D:3      | 2450 ||| FLEEEEING.
  2455 | D:3      | 2455 ||| FLEEEEING.
  2456 | D:3      | 2456 ||| FLEEEEING.
  2460 | D:3      | 2460 ||| FLEEEEING.
  2461 | D:3      | 2461 ||| FLEEEEING.
  2462 | D:3      | 2462 ||| FLEEEEING.
  2463 | D:3      | 2463 ||| FLEEEEING.
  2463 | D:3      | Noticed a centaur
  2464 | D:3      | 2464 ||| Stepping ~*~*~tactically~*~*~ (hiding).
  2470 | D:3      | HP: 6/33 [centaur/arrow (9)]
  2470 | D:3      | Shot with an arrow by a centaur

Levels and vault maps discovered:
D:1:      dpeg_arrival_signposts, layout_basic,
          chequers_ecumenical_altar_island, minivault_23, minmay_heptomino_h4
D:2:      layout_rooms
D:3:      layout_loops_ring, old_standard_altar, mainiacjoe_overflow_catwalk,
          fedhas_altar_3

Skill      XL: |  1  2  3  4  5 |
---------------+----------------+-----
Axes           | 2 3 4 5 |  5.0
Fighting       | |  3.8
Armour         | |  3.2
Shields        | |  3.2

Action                   |  1- 3 |  4- 6 || total
-------------------------+-------+-------++-------
Melee: War axe           |   115 |   107 ||   222
       Headbutt          |       |     4 ||     4
Throw: Boomerang         |     3 |       ||     3
  Use: Scroll            |     4 |     2 ||     6
       Potion            |       |     2 ||     2
Armor: Scale mail        |    51 |       ||    51
       Chain mail        |    29 |    61 ||    90
Dodge: Dodged            |    37 |    29 ||    66
Block: Buckler           |    19 |    19 ||    38

Table legend:
 A = Non-vault XP
 B = Vault XP
 C = Vault XP percentage of total XP
 D = Non-vault monster count
 E = Vault monster count
 F = Vault count percentage of total count
                 A         B        C        D         E       F
            +---------+---------+-------+---------+---------+-------
      Total |     270 |       3 |   1.1 |      60 |       2 |   3.2
            +---------+---------+-------+---------+---------+-------
        D:1 |      36 |       3 |   7.7 |      21 |       2 |   8.7
        D:2 |     104 |       0 |   0.0 |      21 |       0 |   0.0
        D:3 |     130 |       0 |   0.0 |      18 |       0 |   0.0
            +---------+---------+-------+---------+---------+-------
